 Dungeon Crawl Stone Soup version 0.22-a0-414-gacd343e8ff (webtiles) character file.

186 Lorindel the Skirmisher (level 5, -3/42 HPs)
             Began as a Demonspawn Fighter on May 14, 2018.
             Slain by Robin
             ... wielding a +0 short sword
              (6 damage)
             ... on level 2 of the Dungeon.
             The game lasted 00:06:53 (1789 turns).

Lorindel the Skirmisher (Demonspawn Fighter)        Turns: 1789, Time: 00:06:53

Health: -3/42      AC:  8    Str: 15 (18) XL:     5   Next: 38%
Magic:  5/5        EV:  7    Int:  8 (9)  God:
Gold:   68         SH:  8    Dex: 11 (12) Spells: 4/4 levels left

rFire    . . .     SeeInvis .   a - +0 long sword
rCold    . . .     Gourm    .   c - +0 shield
rNeg     . . .     Faith    .   b - +0 scale mail
rPois    +         Spirit   .   (helmet restricted)
rElec    .         Reflect  .   (no cloak)
rCorr    .         Harm     .   (no gloves)
MR       .....                  (no boots)
Stlth    ..........             (no amulet)
HPRegen  0.14/turn              e - ring of poison resistance
MPRegen  0.09/turn              (no ring)

@: no status effects
A: antennae 1, iridescent scales 1, powered by pain 2
a: no special abilities


You were on level 2 of the Dungeon.
You were not hungry.

You visited 1 branch of the dungeon, and saw 2 of its levels.

You collected 68 gold pieces.

Inventory:

Hand Weapons
 a - a +0 long sword (weapon)
Armour
 b - a +0 scale mail (worn)
 c - a +0 shield (worn)
Jewellery
 e - a ring of poison resistance (left hand)
Scrolls
 g - 3 scrolls of identify {unknown}
 i - 3 scrolls of remove curse {unknown}
 l - a scroll of magic mapping {unknown}
 m - 2 scrolls of teleportation {unknown}
 n - a scroll of blinking {unknown}
Comestibles
 f - 2 rations
 h - 5 chunks of flesh


   Skills:
 + Level 3.8 Fighting
 + Level 2.7 Long Blades
 + Level 3.4 Armour
 + Level 1.9 Dodging
 + Level 3.4 Shields


You had 4 spell levels left.
You didn't know any spells.
Your spell library was empty.

Dungeon Overview and Level Annotations

Branches:
Dungeon (2/15)

Altars:
Fedhas
Qazlal

Annotations:
D:2 Robin


Innate Abilities, Weirdness & Mutations

You have a pair of small antennae on your head.
You are partially covered in iridescent scales. (AC +2)
You sometimes gain power by taking damage.


Message History

The goblins go into a battle-frenzy!
The goblin hits you with a club.
* * * LOW HITPOINT WARNING * * *
The hobgoblin completely misses you.
You hit Robin.
Robin is moderately wounded.
The goblin hits you with a club.
* * * LOW HITPOINT WARNING * * *
The goblin barely misses you. Robin barely misses you.
You riposte.
You hit Robin.
Robin is heavily wounded.
You block the goblin's attack. The goblin hits you with a club.
* * * LOW HITPOINT WARNING * * *
The hobgoblin hits you but does no damage.
You block the goblin's attack.
You aren't carrying any potions.
You closely miss Robin.
Robin is heavily wounded.
The goblin barely misses you. Robin hits you with a short sword.
You die...

#######.#
#......#
#.......#
#......#
##.######
####..... #.#
##########.....
#.#
#........#.....
#.####........#
..
#.)..)........'
######g.).....#
#g@g.....#
#ggg.....#
####.......
....... #
....... . .....
. ..... . ....
. .


You could see Robin, a hobgoblin and 4 goblins.

Vanquished Creatures
  Terence (D:2)
  Natasha (twice) (D:2)
  A gnoll (D:1)
  2 adders (D:2)
  3 oozes
  2 worms (D:2)
  2 dart slugs (D:1)
  2 leopard geckos
  4 giant cockroaches
  5 goblins
  9 hobgoblins
  10 jackals
  2 frilled lizards
  4 kobolds
  12 rats
61 creatures vanquished.

Notes
Turn   | Place    | Note
-------+----------+-------------------------------------------
     0 | D:1      | Lorindel the Demonspawn Fighter began the quest for the Orb.
     0 | D:1      | Reached XP level 1. HP: 18/18 MP: 1/1
    15 | D:1      | Gained mutation: You sometimes gain a little power by taking damage. [demonic ancestry]
    15 | D:1      | Reached XP level 2. HP: 16/24 MP: 2/2
   439 | D:1      | Gained mutation: You are partially covered in iridescent scales. (AC +2) [demonic ancestry]
   439 | D:1      | Reached XP level 3. HP: 29/29 MP: 3/3
   664 | D:1      | Reached skill level 1 in Dodging
  1194 | D:2      | Gained mutation: You sometimes gain power by taking damage. [demonic ancestry]
  1194 | D:2      | Reached XP level 4. HP: 34/35 MP: 4/4
  1225 | D:2      | Noticed Natasha
  1236 | D:2      | Killed Natasha
  1347 | D:2      | Noticed Natasha
  1361 | D:2      | Killed Natasha
  1578 | D:2      | Found a stormy altar of Qazlal.
  1578 | D:2      | Noticed a phantom
  1579 | D:2      | Found a blossoming altar of Fedhas.
  1618 | D:2      | Gained mutation: You have a pair of small antennae on your head. [demonic ancestry]
  1618 | D:2      | Reached XP level 5. HP: 38/42 MP: 5/5
  1748 | D:2      | Noticed Terence
  1765 | D:2      | Killed Terence
  1774 | D:2      | Noticed Robin
  1789 | D:2      | Slain by Robin

Vault maps used:
D:1:      onia_arrival_handbag, solitary_fountain, minmay_surrounded
D:2:      grunt_temple_overflow_forces_of_nature, first_ration, uniq_natasha,
          uniq_robin, uniq_terence

Skill      XL: |  1  2  3 |
---------------+----------+-----
Long Blades    | 2 |  2.7
Shields        | 3 |  3.4
Armour         | 3 |  3.4
Dodging        | 1 |  1.9
Fighting       | |  3.8

Action                   |  1- 3 |  4- 6 || total
-------------------------+-------+-------++-------
Melee: Long sword        |    93 |   110 ||   203
  Use: Potion            |       |     3 ||     3
  Eat: Chunk             |     1 |     2 ||     3
Armor: Scale mail        |    49 |    69 ||   118
Dodge: Dodged            |    30 |    53 ||    83
Block: Shield            |    64 |    58 ||   122
       Rpst.: Long sword |    12 |    18 ||    30

Table legend:
 A = Spawn XP
 B = Non-spawn XP
 C = Spawn XP percentage of total XP
 D = Spawn monster count
 E = Non-spawn monster count
 F = Spawn count percentage of total count
 G = Total turns spent on level
                    A         B        C        D         E        F      G
               +---------+---------+-------+---------+---------+-------+---------
         Total |       0 |     267 |   0.0 |       0 |      61 |   0.0 |  1789
               +---------+---------+-------+---------+---------+-------+---------
           D:1 |       0 |      84 |   0.0 |       0 |      35 |   0.0 |  1188
           D:2 |       0 |     183 |   0.0 |       0 |      26 |   0.0 |   601
               +---------+---------+-------+---------+---------+-------+---------
